 Dungeon Crawl Stone Soup version 0.18.1-48-g4cf74bf (webtiles) character file.

42 Krapule the Charmwright (level 3, 0/28 HPs)
             Began as a Formicid Skald on July 1, 2016.
             Slain by an adder (2 damage)
             ... on level 2 of the Dungeon.
             The game lasted 00:04:44 (1609 turns).

Krapule the Charmwright (Formicid Skald)            Turns: 1609, Time: 00:04:45

Health: 0/28       AC:  3    Str: 17    XL:     3   Next: 80%
Magic:  5/6        EV: 11    Int: 11    God:
Gold:   64         SH:  0    Dex: 10    Spells: 1 memorised, 5 levels left

rFire  . . .     SeeInvis +     a - +0 spear
rCold  . . .     Gourm    .     b - +0 leather armour
rNeg   . . .     Faith    .     (no shield)
rPois  .         Spirit   .     (helmet unavailable)
rElec  .         Dismiss  .     (no cloak)
rCorr  .         Reflect  .     (no gloves)
SustAt .         Harm     .     (no boots)
MR     .....                    (no amulet)
Stlth  +.........               (no ring)
                                (no ring)

@: lethally poisoned (0 -> -4), very slightly contaminated, not resistant to
hostile enchantments, very unstealthy
A: permanent stasis, dig shafts and tunnels, four strong arms, antennae 3
a: Dig, Shaft Self


You were on level 2 of the Dungeon.
You were not hungry.

You visited 1 branch of the dungeon, and saw 2 of its levels.

You collected 64 gold pieces.

Inventory:

Hand Weapons
 a - a +0 spear (weapon)
Armour
 b - a +0 leather armour (worn)
Scrolls
 e - a scroll of identify {unknown}
 k - a scroll of amnesia {unknown}
 n - a scroll of fog {unknown}
Potions
 h - a potion of lignification {unknown}
 j - a potion of cancellation {unknown}
 l - a potion of magic {unknown}
Books
 c - a book of Battle

   Spells                             Type                      Level
   a - Infusion                       Charms                       1
   b - Shroud of Golubria             Charms/Translocation         2
   c - Song of Slaying                Charms                       2
   d - Spectral Weapon                Hexes/Charms                 3
   e - Regeneration                   Charms/Necromancy            3
Comestibles
 d - 3 bread rations
 f - a beef jerky
 g - a meat ration
 i - a slice of pizza
 m - 2 chunks of flesh


   Skills:
 * Level 2.7 Fighting
 + Level 2.4 Polearms
 * Level 1.8 Armour
 + Level 1.3 Dodging
 + Level 2.1 Spellcasting
 * Level 3.4 Charms


You had 5 spell levels left.
You knew the following spells:

 Your Spells              Type           Power        Failure   Level  Hunger
a - Infusion              Chrm           #...         12%         1    ##.....


Dungeon Overview and Level Annotations

Branches:
Dungeon (2/15)

Altars:
Xom


Innate Abilities, Weirdness & Mutations

You are under a permanent stasis effect.
You can dig through walls and to a lower floor.
Your four strong arms can wield two-handed weapons with a shield.
You have a pair of large antennae on your head (SInv).


Message History

* * * LOW HITPOINT WARNING * * *
You are lethally poisoned!
The adder poisons you!
You barely miss the adder. The adder bites you but does no damage.
You barely miss the adder.
* * * LOW HITPOINT WARNING * * *
You feel sick. The adder barely misses you. The adder closely misses you.
You miss the adder. The adder bites you.
* * * LOW HITPOINT WARNING * * *
You barely miss the adder.
* * * LOW HITPOINT WARNING * * *
You feel sick. The adder closely misses you.
You hit the adder.
The adder is lightly wounded.
The adder barely misses you.
You hit the adder.
The adder is heavily wounded.
* * * LOW HITPOINT WARNING * * *
You feel sick. The adder bites you.
You die...

##.####.# ."
#.##.......## # ... #
..##.. #.#..### ....
#.#..##..##.#.(... ...!#
.#...##.......###.
..#.##....##.#.#.### #.
#.#.#....##.#.#.# ###.
#.#S....##.....# #...
#..@...####.### #...
#.$.†..####.## #... ...
#............# #..<
.##... #....)..###..#
#... #.##..
#.#.....####..# ####
.#.#..#.#.#....##....#
#.#....#.##.(..##.##.###
##......##(#...........#
.........(#.#..##.##.#.#


You could see an adder.

Vanquished Creatures
  An adder (D:2)
  2 dart slugs
  A giant gecko (D:1)
  A ball python (D:2)
  2 bats
  2 giant cockroaches (D:1)
  2 hobgoblins (D:1)
  3 giant newts
  4 goblins
  6 kobolds
  6 rats
30 creatures vanquished.

Notes
Turn   | Place    | Note
--------------------------------------------------------------
     0 | D:1      | Krapule the Formicid Skald began the quest for the Orb.
     0 | D:1      | Reached XP level 1. HP: 16/16 MP: 3/3
   178 | D:1      | Reached XP level 2. HP: 18/23 MP: 5/5
   667 | D:1      | Reached skill level 1 in Dodging
   851 | D:1      | Reached XP level 3. HP: 28/28 MP: 6/6
   941 | D:1      | Found a shimmering altar of Xom.
  1609 | D:2      | Slain by an adder

Skill      XL: |  1  2 |
---------------+-------+-----
Dodging        | 1 |  1.3
Fighting       | |  2.7
Polearms       | |  2.4
Armour         | |  1.8
Spellcasting   | |  2.1
Charms         | |  3.4

Action                   || total
-------------------------++-------
Melee: Spear             ||   104
 Cast: Infusion          ||     1
  Eat: Chunk             ||     2
Armor: Leather armour    ||    13
Dodge: Dodged            ||    49
